 Dungeon Crawl Stone Soup version 0.32-a0-872-g59262bdc9b (webtiles) character file.

Game seed: 16527400684679192784

1349 601d51SH the Covert (level 8, -5/60 HPs)
             Began as a Gnoll Delver on Mar 31, 2024.
             Was a Follower of Hepliaklqana.
             Killed by divine providence
             ... invoked by an orc priest
              (12 damage)
             ... on level 5 of the Dungeon.
             The game lasted 00:13:46 (5155 turns).

601d51SH the Covert (Gnoll Delver)                  Turns: 5155, Time: 00:13:47

Health: -5/60      AC: 11    Str: 14    XL:     8   Next: 63%
Magic:  13/13      EV:  4    Int:  9    God:    Hepliaklqana [*.....]
Gold:   184        SH:  0    Dex: 14    Spells: 14/14 levels left

rFire   . . .        t - +2 short sword (vamp)
rCold   . . .        (no shield)
rNeg    . . .        j - +0 plate armour
rPois   .            (helmet currently unavailable)
rElec   .            k - melded +0 cloak
rCorr   .            (gloves currently unavailable)
SInv    .            (boots currently unavailable)
Will    +....        (no amulet) Stlth
                     E - ring of willpower
HPRegen 0.30/turn    (no ring)
MPRegen 0.13/turn

%: no passive effects
@: beast-form
A: beast (slay +1), reduced essence, fangs 1, strong nose, distributed training,
passive freeze, MP-powered wands
a: Begin Untransformation, Renounce Religion, Recall Ancestor, Ancestor Identity


You were on level 5 of the Dungeon.
You worshipped Hepliaklqana.
Hepliaklqana was aware of your devotion.
You were a hulking beast.
You visited 1 branch of the dungeon, and saw 5 of its levels.

You collected 294 gold pieces.
You spent 110 gold pieces at shops.

Inventory:

Hand Weapons
 c - a +1 dagger of draining
 s - a +1 dagger of venom
 t - a +2 vampiric short sword (weapon)
 P - a +2 flail of protection
Missiles
 r - 2 javelins (quivered)
 y - 12 boomerangs
 J - 5 silver javelins
 K - 6 atropa-tipped darts
 M - 2 poisoned darts
Armour
 j - a +0 plate armour (worn)
 k - a +0 cloak (melded)
 O - a +0 pair of gloves
Jewellery
 C - a ring of fire
 E - a ring of willpower (left hand)
Talismans
 A - a beast talisman (active)
 G - a blade talisman
 R - a flux talisman
Wands
 a - a wand of flame (18)
 g - a wand of digging (3)
 H - a wand of charming (5)
 U - a wand of polymorph (10)
Scrolls
 d - a scroll of revelation
 h - 3 scrolls of teleportation {unknown}
 l - 2 scrolls of amnesia
 n - a scroll of fog
 o - a scroll of blinking
 p - a scroll of acquirement {unknown}
 u - a scroll of brand weapon {unknown}
 v - 4 scrolls of identify
 D - 3 scrolls of summoning {unknown}
 F - 2 scrolls of fear
 I - a scroll of immolation
Potions
 e - 3 potions of might
 f - 2 potions of haste
 q - 2 potions of curing
 z - 3 potions of enlightenment {unknown}
 B - 2 potions of degeneration {unknown}
 N - a potion of ambrosia {unknown}
 S - 2 potions of heal wounds {unknown}
 T - a potion of mutation


   Skills:
 + Level 7.5 Fighting
 + Level 3.5 Short Blades
 + Level 3.5 Long Blades
 + Level 3.5 Axes
 + Level 3.5 Maces & Flails
 + Level 5.9 Polearms
 + Level 3.5 Staves
 + Level 3.5 Ranged Weapons
 + Level 3.5 Throwing
 + Level 3.5 Armour
 + Level 5.9 Dodging
 + Level 10.2 Stealth
 + Level 3.5 Shields
 + Level 3.5 Unarmed Combat
 + Level 3.5 Spellcasting
 + Level 2.9 Conjurations
 + Level 2.9 Hexes
 + Level 2.9 Summonings
 + Level 2.9 Necromancy
 + Level 2.9 Translocations
 + Level 2.9 Fire Magic
 + Level 2.9 Ice Magic
 + Level 2.9 Air Magic
 + Level 2.9 Earth Magic
 + Level 2.9 Alchemy
 + Level 3.9 Invocations
 + Level 3.5 Evocations
 + Level 3.2 Shapeshifting


You had 14 spell levels left.
You didn't know any spells.
Your spell library contained the following spells:

 Spells                   Type           Power      Damage    Failure   Level
 Freeze                   Ice            24%        1d4       100%        1
 Lesser Beckoning         Tloc           12%        N/A       100%        2
 Frozen Ramparts          Ice            12%        1d2       100%        3
 Hailstorm                Conj/Ice       6%         3d5       100%        3
 Teleport Other           Tloc           6%         N/A       100%        3
 Animate Dead             Necr           6%         N/A       100%        4
 Maxwell's Portable Pile  Tloc           6%         2d(6-11)  100%        4
 Haunt                    Necr/Summ      3%         N/A       100%        7
 Infestation              Necr           3%         N/A       100%        8


Dungeon Overview and Level Annotations

Branches:
Dungeon (5/15)             Temple (0/1) D:4

Altars:
Hepliaklqana
Kikubaaqudgha
Qazlal
Sif Muna
Uskayaw

Shops:
D:1 !   D:4 (

Annotations:
D:5 1 transporter


Innate Abilities, Weirdness & Mutations

You are a hulking beast.
Your limbs bulge with bestial killing power. (Slay +1)
Your life essence is reduced to manifest your ancestor. (-10% HP)
You have very sharp teeth.
Your uncanny sense of smell can sniff out nearby items.
Your experience applies equally to all skills.
A frigid envelope surrounds you and freezes all who hurt you.
You expend magic power (3 MP) to strengthen your wands.


Message History

Beogh smites you!
The orc priest calls down the wrath of Beogh upon you.
Beogh smites you!
The orc priest casts a cantrip, but nothing happens.
The adder hisses angrily.
The shadow imp sputters.
The orc priest looks braver for a moment.
The orc priest looks satisfied for a moment.
The shadow imp lashes its tail.
The orc priest casts a cantrip, but nothing happens.
Kufozoik hits the shadow imp.
The shadow imp shouts, "Scamper hence, thou odious flat-headed dingleberry!"
Kufozoik barely misses the shadow imp.
The shadow imp shouts, "Return whence thou came, thou quaking sheep-biting scavenger!"
The orc priest invokes the aid of Beogh against you.
You resist with some effort.
You open the door.
The orc priest mumbles some strange prayers to Beogh against you.
Beogh smites you!
Kufozoik barely misses the shadow imp.
The shadow imp gestures at you. Pain shoots through your body!
* * * LOW HITPOINT WARNING * * *
There is an open door here.
Kufozoik barely misses the shadow imp.
You see here a +0 ring mail.
The orc priest looks braver for a moment.
You see here 7 gold pieces.
You now have 170 gold pieces (gained 7).
The shadow imp grinds its teeth.
You see here a +0 ring mail.
The orc priest calls down the wrath of Beogh upon you.
Beogh smites you!
* * * LOW HITPOINT WARNING * * *
You see here 14 gold pieces.
You now have 184 gold pieces (gained 14).
The orc priest invokes the aid of Beogh against you.
Beogh smites you!
You die...
Hepliaklqana delivers you to your ancestors.

.P...............# #...#######
..###.#######..######...# #.#
#...................#
..###########.[.........#
#.÷................##..##
...###############.###.#####
#..#ßP#.[...5o#~ß#.........#
...#P.#≈≈≈≈≈≈≈#.P#.###.#.#.#
#..#..#..~~~..#Rh#..##...#.#
..©#©.'..~♣~..'[©#©..#...#.#
#..#..#..~~~..#..#...#...#.#
...#P.#≈≈≈≈≈≈≈#.P#.........#
...#ßP#.....5o#~ß#..#....#.#
...###############.......#.####
#...............S.....#.......#
...........................####
..######...........<.....#.#


You could see the friendly Kufozoik the ancestor, 2 orc priests, an adder and 2
shadow imps.

Vanquished Creatures
  The ghost of xianbchi the Shooter, a novice OpHu of Fedhas (D:5)
  Sigmund (D:4)
  2 black bears
  A sky beast (D:3)
  An ice beast (D:5)
  A scorpion (D:4)
  A jelly (D:4)
  An orc priest (D:4)
  An iguana (D:5)
  3 orc wizards (D:4)
  7 gnolls
  14 adders
  A shadow imp (D:5)
  4 dart slugs
  5 orcs
  9 ball pythons
  4 bats
  8 endoplasms
  11 giant cockroaches
  10 goblins
  12 hobgoblins
  A jackal (D:2)
  5 quokkas
  7 frilled lizards
  4 kobolds
  5 rats
120 creatures vanquished.

Vanquished Creatures (collateral kills)
  A bombardier beetle (D:5)
  A gnoll (D:5)
2 creatures vanquished.

Grand Total: 122 creatures vanquished

Notes
Turn   | Place    | Note
-------+----------+-------------------------------------------
     0 | D:5      | Reached skill level 9 in Stealth
     0 | D:5      | 601d51SH the Gnoll Delver began the quest for the Orb.
     0 | D:5      | Reached XP level 1. HP: 23/23 MP: 1/1
     3 | D:5      | Noticed a bombardier beetle
    16 | D:4      | Found a shimmering blue altar of Sif Muna.
    25 | D:4      | Found a hide-covered altar of Uskayaw.
    74 | D:4      | Noticed an orc wizard
    76 | D:4      | Noticed an orc wizard
   192 | D:4      | Reached XP level 2. HP: 26/29 MP: 2/2
   334 | D:3      | Found a stormy altar of Qazlal.
   334 | D:3      | Noticed a sky beast
   413 | D:3      | HP: 1/29 [sky beast (5)]
   445 | D:2      | HP: 1/29 [adder (1)]
   449 | D:1      | Found Seduxt's Distillery.
   471 | D:1      | Reached XP level 3. HP: 7/35 MP: 3/3
   618 | D:1      | Reached skill level 1 in Invocations
   796 | D:1      | Found a faded altar of an unknown god.
   876 | D:1      | Reached skill level 1 in Short Blades
   876 | D:1      | Reached skill level 1 in Long Blades
   876 | D:1      | Reached skill level 1 in Axes
   876 | D:1      | Reached skill level 1 in Maces & Flails
   876 | D:1      | Reached skill level 1 in Staves
   876 | D:1      | Reached skill level 1 in Ranged Weapons
   876 | D:1      | Reached skill level 1 in Throwing
   876 | D:1      | Reached skill level 1 in Armour
   876 | D:1      | Reached skill level 1 in Shields
   876 | D:1      | Reached skill level 1 in Unarmed Combat
   876 | D:1      | Reached skill level 1 in Spellcasting
   876 | D:1      | Reached skill level 1 in Evocations
   916 | D:1      | Gained mutation: A frigid envelope surrounds you and
                  | freezes all who hurt you. [potion of mutation]
   916 | D:1      | Gained mutation: You expend magic power (3 MP) to
                  | strengthen your wands. [potion of mutation]
   916 | D:1      | HP: 2/51 [poisoned by a goblin]
  1104 | D:1      | Reached skill level 1 in Shapeshifting
  1104 | D:1      | Reached XP level 4. HP: 41/41 MP: 5/5
  1140 | D:1      | Bought a potion of might for 40 gold pieces
  1140 | D:1      | Bought a potion of curing for 30 gold pieces
  1351 | D:2      | Reached skill level 1 in Conjurations
  1351 | D:2      | Reached skill level 1 in Hexes
  1351 | D:2      | Reached skill level 1 in Summonings
  1351 | D:2      | Reached skill level 1 in Necromancy
  1351 | D:2      | Reached skill level 1 in Translocations
  1351 | D:2      | Reached skill level 1 in Fire Magic
  1351 | D:2      | Reached skill level 1 in Ice Magic
  1351 | D:2      | Reached skill level 1 in Air Magic
  1351 | D:2      | Reached skill level 1 in Earth Magic
  1351 | D:2      | Reached skill level 1 in Alchemy
  1583 | D:2      | Reached XP level 5. HP: 47/47 MP: 5/7
  1666 | D:2      | Noticed a black bear
  1672 | D:2      | Killed a black bear
  1673 | D:2      | Reached XP level 6. HP: 50/53 MP: 8/8
  1857 | D:2      | Reached skill level 5 in Polearms
  1857 | D:2      | Reached skill level 5 in Dodging
  2254 | D:1      | Bought a potion of might for 40 gold pieces
  2661 | D:3      | Killed a sky beast
  3127 | D:4      | Reached XP level 7. HP: 51/60 MP: 10/10
  3212 | D:4      | Noticed Sigmund
  3219 | D:4      | Killed Sigmund
  3310 | D:4      | Found a hazy altar of Hepliaklqana.
  3315 | D:4      | Became a worshipper of Hepliaklqana the Forgotten
  3407 | D:4      | Found an ancient bone altar of Kikubaaqudgha.
  3411 | D:4      | Reached skill level 10 in Stealth
  3508 | D:4      | Found a staircase to the Ecumenical Temple.
  3519 | D:4      | Found Zudamn's Antique Weapon Shop.
  3639 | D:4      | Reached XP level 8. HP: 45/67 MP: 12/12
  4167 | D:5      | Found a transporter.
  4262 | D:5      | Found a transporter.
  4331 | D:5      | Reached * piety under Hepliaklqana
  4591 | D:5      | Found a runed translucent door.
  4909 | D:5      | Noticed xianbchi's ghost (novice OpHu)
  5077 | D:5      | Killed xianbchi's ghost
  5155 | D:5      | Killed from afar by an orc priest

Illustrated notes

Levels and vault maps discovered:
D:1:      minmay_arrival_diagonal_passages, layout_rooms,
          chequers_ecumenical_altar_simple, serial_shops, shop,
          minmay_hexomino_p4
D:2:      minmay_alternating_diamond, layout_loops_ring, minmay_mini_jars
D:3:      layout_basic, nicolae_qazlal_beasts_of_the_sky
D:4:      minmay_general_purpose_star, layout_gridville,
          nicolae_hepliaklqana_hippocampus, mainiacjoe_overflow_chevrons,
          led_sif_book, mainiacjoe_overflow_tiny_flanked, temple_fountains,
          serial_shops, shop, uniq_sigmund
D:5:      gammafunk_wand_slinger, layout_basic, serial_bayou,
          serial_bayou_lagoon_b, serial_bayou_lake_a, serial_bayou_lagoon_a,
          serial_bayou_pond_b, serial_bayou_crossing, gammafunk_ghost_grave

Skill      XL: |  1  2  3  4  5  6  7  8 |
---------------+-------------------------+-----
Stealth        | 10 | 10.2
Invocations    | 1 2 3 |  3.9
Short Blades   | 1 2 3 |  3.5
Long Blades    | 1 2 3 |  3.5
Axes           | 1 2 3 |  3.5
Maces & Flails | 1 2 3 |  3.5
Staves         | 1 2 3 |  3.5
Ranged Weapons | 1 2 3 |  3.5
Throwing       | 1 2 3 |  3.5
Armour         | 1 2 3 |  3.5
Shields        | 1 2 3 |  3.5
Unarmed Combat | 1 2 3 |  3.5
Spellcasting   | 1 2 3 |  3.5
Evocations     | 1 2 3 |  3.5
Shapeshifting  | 1 2 3 |  3.2
Conjurations   | 1 2 |  2.9
Hexes          | 1 2 |  2.9
Summonings     | 1 2 |  2.9
Necromancy     | 1 2 |  2.9
Translocations | 1 2 |  2.9
Fire Magic     | 1 2 |  2.9
Ice Magic      | 1 2 |  2.9
Air Magic      | 1 2 |  2.9
Earth Magic    | 1 2 |  2.9
Alchemy        | 1 2 |  2.9
Polearms       | 5 |  5.9
Dodging        | 5 |  5.9
Fighting       | 7 |  7.5

Action                     |  1- 3 |  4- 6 |  7- 9 || total
---------------------------+-------+-------+-------++-------
  Melee: Spear             |    53 |       |       ||    53
         Bite              |     9 |    10 |    15 ||    34
         Dagger            |    35 |    32 |       ||    67
         Short sword       |       |    59 |    79 ||   138
    Use: Scroll            |     3 |     2 |       ||     5
         Potion            |     2 |       |       ||     2
   Stab: Sleeping          |     3 |       |       ||     3
 Armour: Leather armour    |    24 |       |       ||    24
         Plate armour      |   155 |    99 |    75 ||   329
  Dodge: Dodged            |    29 |    30 |    12 ||    71
   Form: Beast             |       |     1 |       ||     1

Table legend: (Time is in decaauts)
 A = Elapsed time spent in this place.
 B = Non-inter-level travel time spent in this place.
 C = Inter-level travel time spent in this place.
 D = Time resting spent in this place.
 E = Time spent auto-exploring this place.
 F = Levels seen in this place.
 G = Mean time per level.
                   A        B        C        D        E       F      G
               +--------+--------+--------+--------+--------+-----+--------+
         Total |   5173 |   4706 |    467 |    368 |   3047 |   5 | 1034.6 |
       Dungeon |   5173 |   4706 |    467 |    368 |   3047 |   5 | 1034.6 |
               +--------+--------+--------+--------+--------+-----+--------+

Top non-repeatable levels by time:
     D:4: 1232 daAuts
     D:5: 1044 daAuts
     D:3: 1011 daAuts
     D:2: 989 daAuts
     D:1: 895 daAuts
